SNL (28 & UNDER)
BEAUMONT ROUGHNECKS @ WICHITA WRANGLERS
09/05/2030
 
TOP OF THE 1ST
Beaumont Roughnecks batting - Pitching for Wichita Wranglers : RHP Josse Teves
Pitching: RHP Josse Teves
Batting: RHB Jeff Vickers 0-0: Ground out 3-1 (Groundball, 34)
Batting: RHB Cole Boehmer 0-0: Ball
1-0: Called Strike
1-1: Fly out, F7 (Line Drive, 78D)
Batting: LHB Corey MacGregor 0-0: Foul Ball, location: 2F
0-1: Ball
1-1: Called Strike
1-2: Strikes out swinging
Top of the 1st over - 0 runs, 0 hits, 0 errors, 0 left on base; Beaumont 0 - Wichita 0
BOTTOM OF THE 1ST
Wichita Wranglers batting - Pitching for Beaumont Roughnecks : LHP Hunter Johnson
Pitching: LHP Hunter Johnson
Batting: LHB Terry Neal 0-0: Ball
1-0: Swinging Strike
1-1: Foul Ball, location: 2F
1-2: Ball
2-2: Foul Ball, location: 2F
2-2: Ball
3-2: Strikes out looking
Batting: LHB José Guerrero 0-0: Fly out, F8 (Flyball, 8LM)
Batting: LHB Chris Gibson 0-0: Called Strike
0-1: Called Strike
0-2: Foul Ball, location: 2F
0-2: Ball
1-2: Strikes out swinging
Bottom of the 1st over - 0 runs, 0 hits, 0 errors, 0 left on base; Beaumont 0 - Wichita 0
TOP OF THE 2ND
Beaumont Roughnecks batting - Pitching for Wichita Wranglers : RHP Josse Teves
Batting: LHB John Fitzgerald 0-0: Called Strike
0-1: Swinging Strike
0-2: Strikes out looking
Batting: RHB Jim MacAchounich 0-0: Ball
1-0: Ball
2-0: Called Strike
2-1: Ball
3-1: SINGLE (Flyball, 7S)
Batting: SHB Richie Gallegos 0-0: Foul Ball, location: 2F
0-1: Called Strike
0-2: Foul Ball, location: 2F
0-2: Ball
1-2: Fly out, F7 (Flyball, 7)
Batting: RHB António Rodríguez 0-0: Called Strike
0-1: Foul Ball, location: 2F
0-2: Strikes out swinging
Top of the 2nd over - 0 runs, 1 hit, 0 errors, 1 left on base; Beaumont 0 - Wichita 0
BOTTOM OF THE 2ND
Wichita Wranglers batting - Pitching for Beaumont Roughnecks : LHP Hunter Johnson
Batting: RHB Hubert MacDonald 0-0: Ball
1-0: DOUBLE (Groundball, 5L)
Batting: LHB Dudley Cooper 0-0: Ball
1-0: Foul Ball, location: 2F
1-1: Ball
2-1: Foul Ball, location: 2F
2-2: Ball
3-2: SINGLE (Line Drive, 78M)
Hubert MacDonald to third
Batting: RHB Ricardo Velásquez 0-0: Called Strike
0-1: Ground out 4-3 (Groundball, 4MD)
Hubert MacDonald scores
Dudley Cooper to second
Batting: RHB Walter Brown 0-0: Ball
1-0: Ball
2-0: Called Strike
2-1: Ball
3-1: Base on Balls
Batting: LHB Travis Jefferson 0-0: Ball
1-0: Swinging Strike
1-1: Ball
2-1: Swinging Strike
2-2: SINGLE (Flyball, 9S)
Dudley Cooper to third
Walter Brown to second
Runner from 3rd tries for Home, SAFE, no throw
Batting: RHB Mauro Paredes 0-0: Ball
1-0: Foul Ball, location: 2F
1-1: Ball
2-1: Foul Ball, location: 2F
2-2: Ball
3-2: Base on Balls
Walter Brown to third
Travis Jefferson to second
Batting: LHB Terry Neal 0-0: Swinging Strike
0-1: Ball
1-1: Ball
2-1: DOUBLE (Flyball, 89D)
Walter Brown scores
Travis Jefferson scores
Mauro Paredes to third
Batting: LHB José Guerrero 0-0: Called Strike
0-1: Ball
1-1: Foul Ball, location: 2F
1-2: Ball
2-2: Strikes out swinging
Batting: LHB Chris Gibson 0-0: SINGLE (Groundball, 4MD)
Mauro Paredes scores
Terry Neal to third
Runner from 3rd tries for Home, SAFE, no throw
Batting: RHB Hubert MacDonald 0-0: Ball
1-0: Called Strike
1-1: Called Strike
1-2: Foul Ball, location: 2F
1-2: Ball
2-2: Ball
3-2: SINGLE (Groundball, 6MD)
Chris Gibson to second
Chris Gibson to third
Pitching: RHP James Edwards
Batting: LHB Dudley Cooper 0-0: Ball
1-0: Ball
2-0: Called Strike
2-1: Foul Ball, location: 2F
2-2: Foul Ball, location: 2F
2-2: Ground out 4-3 (Groundball, 4)
Bottom of the 2nd over - 6 runs, 6 hits, 0 errors, 2 left on base; Beaumont 0 - Wichita 6
TOP OF THE 3RD
Beaumont Roughnecks batting - Pitching for Wichita Wranglers : RHP Josse Teves
Batting: SHB Miguel Hurtado 0-0: Ball
1-0: Ball
2-0: Called Strike
2-1: Ball
3-1: Foul Ball, location: 2F
3-2: Foul Ball, location: 2F
3-2: Strikes out swinging
Batting: LHB Roberto Félix 0-0: Ball
1-0: Foul Ball, location: 2F
1-1: Ball
2-1: Swinging Strike
2-2: Ball
3-2: Foul Ball, location: 2F
3-2: Base on Balls
Batting: RHB Jeff Vickers 0-0: Swinging Strike
0-1: SINGLE (Line Drive, 78S)
Roberto Félix to second
Batting: RHB Cole Boehmer 0-0: Called Strike
0-1: Ball
Roberto Félix steals 3rd base
Jeff Vickers to second
1-1: Ball
2-1: Foul Ball, location: 2F
2-2: Fly out, F3 (Popup, 34)
Batting: LHB Corey MacGregor 0-0: Fly out, F7 (Flyball, 7)
Top of the 3rd over - 0 runs, 1 hit, 0 errors, 2 left on base; Beaumont 0 - Wichita 6
BOTTOM OF THE 3RD
Wichita Wranglers batting - Pitching for Beaumont Roughnecks : RHP James Edwards
Batting: RHB Ricardo Velásquez 0-0: Called Strike
0-1: Called Strike
0-2: Ball
1-2: Ground out 1-3 (Groundball, 13S)
Batting: RHB Walter Brown 0-0: Ball
1-0: Ball
2-0: Ball
3-0: Called Strike
3-1: Base on Balls
Batting: LHB Travis Jefferson Pickoff Throw to First - Out!
0-0: Ball
1-0: Ball
2-0: Called Strike
2-1: Foul Ball, location: 2F
2-2: Strikes out swinging
Bottom of the 3rd over - 0 runs, 0 hits, 0 errors, 0 left on base; Beaumont 0 - Wichita 6
TOP OF THE 4TH
Beaumont Roughnecks batting - Pitching for Wichita Wranglers : RHP Josse Teves
Batting: LHB John Fitzgerald 0-0: Foul Ball, location: 2F
0-1: Ball
1-1: Ball
2-1: Ball
3-1: Swinging Strike
3-2: Fly out, F7 (Flyball, 7S)
Batting: RHB Jim MacAchounich 0-0: Called Strike
0-1: Ball
1-1: Ball
2-1: Called Strike
2-2: Foul Ball, location: 2F
2-2: Foul Ball, location: 2F
2-2: Ball
3-2: SOLO HOME RUN (Flyball, 7LD), Distance : 328 ft
Batting: SHB Richie Gallegos 0-0: Ball
1-0: Swinging Strike
1-1: Ground out 4-3 (Groundball, 34D)
Batting: RHB António Rodríguez 0-0: Ball
1-0: Fly out, F8 (Line Drive, 8LD)
Top of the 4th over - 1 run, 1 hit, 0 errors, 0 left on base; Beaumont 1 - Wichita 6
BOTTOM OF THE 4TH
Wichita Wranglers batting - Pitching for Beaumont Roughnecks : RHP James Edwards
Batting: RHB Mauro Paredes 0-0: Ball
1-0: Ball
2-0: Ball
3-0: Base on Balls
Batting: LHB Terry Neal 0-0: Called Strike
0-1: Ball
1-1: Swinging Strike
1-2: Strikes out swinging
Batting: LHB José Guerrero 0-0: Foul Ball, location: 2F
0-1: Swinging Strike
0-2: Ball
1-2: Ball
2-2: Ball
3-2: Fly out, F4 (Line Drive, 4)
Batting: LHB Chris Gibson 0-0: DOUBLE (Line Drive, 5D)
Mauro Paredes to third
Batting: RHB Hubert MacDonald 0-0: Ball
1-0: Swinging Strike
1-1: Ball
2-1: Fly out, F8 (Flyball, 78XD)
Bottom of the 4th over - 0 runs, 1 hit, 0 errors, 2 left on base; Beaumont 1 - Wichita 6
TOP OF THE 5TH
Beaumont Roughnecks batting - Pitching for Wichita Wranglers : RHP Josse Teves
Batting: SHB Miguel Hurtado 0-0: Called Strike
0-1: Ball
1-1: SINGLE (Line Drive, 6MD)
Batting: LHB Roberto Félix 0-0: Foul Ball, location: 2F
0-1: Ball
1-1: Foul Ball, location: 2F
1-2: Ball
2-2: Strikes out looking
Batting: RHB Jeff Vickers 0-0: Ball
1-0: Ball
2-0: Called Strike
2-1: Ball
3-1: Foul Ball, location: 2F
3-2: Fly out, F8 (Flyball, 8LS)
Batting: RHB Cole Boehmer 0-0: Called Strike
0-1: Ball
Miguel Hurtado is caught stealing 2nd base
Top of the 5th over - 0 runs, 1 hit, 0 errors, 0 left on base; Beaumont 1 - Wichita 6
BOTTOM OF THE 5TH
Wichita Wranglers batting - Pitching for Beaumont Roughnecks : RHP James Edwards
Batting: LHB Dudley Cooper 0-0: Ball
1-0: Swinging Strike
1-1: Called Strike
1-2: Ball
2-2: Strikes out swinging
Batting: RHB Ricardo Velásquez 0-0: Called Strike
0-1: Ball
1-1: Ball
2-1: Foul Ball, location: 2F
2-2: Foul Ball, location: 2F
2-2: Ball
3-2: Foul Ball, location: 2F
3-2: Ground out 6-3 (Groundball, 6)
Batting: RHB Walter Brown 0-0: Ball
1-0: Ball
2-0: Ball
3-0: Called Strike
3-1: Fly out, F9 (Flyball, 9LS)
Bottom of the 5th over - 0 runs, 0 hits, 0 errors, 0 left on base; Beaumont 1 - Wichita 6
TOP OF THE 6TH
Beaumont Roughnecks batting - Pitching for Wichita Wranglers : RHP Josse Teves
Batting: RHB Cole Boehmer 0-0: Foul Ball, location: 2F
0-1: Ball
1-1: Ground out 6-3 (Groundball, 6S)
Batting: LHB Corey MacGregor 0-0: Called Strike
0-1: Ball
1-1: Ball
2-1: Foul Ball, location: 2F
2-2: Ball
3-2: Ground out 6-3 (Groundball, 6)
Batting: LHB John Fitzgerald 0-0: Called Strike
0-1: Ground out 4-3 (Groundball, 4S)
Top of the 6th over - 0 runs, 0 hits, 0 errors, 0 left on base; Beaumont 1 - Wichita 6
BOTTOM OF THE 6TH
Wichita Wranglers batting - Pitching for Beaumont Roughnecks : RHP James Edwards
Batting: LHB Travis Jefferson 0-0: Ball
1-0: Swinging Strike
1-1: Ball
2-1: SINGLE (Groundball, 34D)
Pitching: RHP Carlos Longoria
Batting: RHB Mauro Paredes 0-0: Ball
1-0: Foul Ball, location: 2F
1-1: Ball
2-1: Foul Ball, location: 2F
2-2: Foul Ball, location: 2F
2-2: Strikes out swinging
Batting: LHB Terry Neal 0-0: Ball
1-0: Called Strike
1-1: Ball
2-1: Ball
3-1: Fielders Choice at 2nd, 5-4 (Groundball, 56)
Batting: LHB José Guerrero 0-0: Ball
1-0: Foul Ball, location: 2F
1-1: Foul Ball, location: 2F
1-2: SINGLE (Groundball, 56D)
Terry Neal to second
Batting: LHB Chris Gibson 0-0: Fly out, F7 (Flyball, 78D)
Bottom of the 6th over - 0 runs, 2 hits, 0 errors, 2 left on base; Beaumont 1 - Wichita 6
TOP OF THE 7TH
Beaumont Roughnecks batting - Pitching for Wichita Wranglers : RHP Josse Teves
Pitching: RHP Pedro Rivera
Batting: RHB Jim MacAchounich 0-0: Ball
1-0: Foul Ball, location: 2F
1-1: Foul Ball, location: 2F
1-2: Ball
2-2: Foul Ball, location: 2F
2-2: Ball
3-2: Fly out, F7 (Flyball, 7D)
Batting: SHB Richie Gallegos 0-0: Foul Ball, location: 2F
0-1: Ground out 6-3 (Groundball, 6MS)
Batting: RHB António Rodríguez 0-0: Foul Ball, location: 2F
0-1: Swinging Strike
0-2: Ball
1-2: Ball
2-2: Fly out, F4 (Popup, 23)
Top of the 7th over - 0 runs, 0 hits, 0 errors, 0 left on base; Beaumont 1 - Wichita 6
BOTTOM OF THE 7TH
Wichita Wranglers batting - Pitching for Beaumont Roughnecks : RHP Carlos Longoria
Batting: RHB Hubert MacDonald 0-0: Foul Ball, location: 2F
0-1: Ball
1-1: Ball
2-1: Ball
3-1: Base on Balls
Batting: LHB Dudley Cooper 0-0: Fly out, F9 (Flyball, 9LDF)
Batting: RHB Ricardo Velásquez 0-0: Ball
1-0: Called Strike
1-1: Ball
Wild Pitch!
Hubert MacDonald to second
2-1: Fly out, F9 (Flyball, 9)
Batting: RHB Walter Brown 0-0: Ball
1-0: Called Strike
1-1: Ball
2-1: Called Strike
2-2: Strikes out swinging
Bottom of the 7th over - 0 runs, 0 hits, 0 errors, 1 left on base; Beaumont 1 - Wichita 6
TOP OF THE 8TH
Beaumont Roughnecks batting - Pitching for Wichita Wranglers : RHP Pedro Rivera
Batting: SHB Miguel Hurtado 0-0: Called Strike
0-1: Foul Ball, location: 2F
0-2: Fly out, F7 (Flyball, 7LSF)
Batting: LHB Roberto Félix 0-0: Called Strike
0-1: Ball
1-1: Swinging Strike
1-2: Strikes out looking
Batting: RHB Jeff Vickers 0-0: Ground out 5-3 (Groundball, 56)
Top of the 8th over - 0 runs, 0 hits, 0 errors, 0 left on base; Beaumont 1 - Wichita 6
BOTTOM OF THE 8TH
Wichita Wranglers batting - Pitching for Beaumont Roughnecks : RHP Carlos Longoria
Batting: LHB Travis Jefferson 0-0: Ball
1-0: Fly out, F6 (Line Drive, 6)
Batting: RHB Mauro Paredes 0-0: Called Strike
0-1: Ball
1-1: Ball
2-1: Ball
3-1: Base on Balls
Batting: LHB Terry Neal 0-0: Called Strike
0-1: Ball
1-1: Ball
Passed Ball!
Mauro Paredes to second
2-1: Ball
3-1: Ground out U3 (Groundball, 3)
Mauro Paredes to third
Batting: LHB José Guerrero 0-0: Ball
1-0: Swinging Strike
1-1: Ball
2-1: Ball
3-1: Fly out, F6 (Popup, 6D)
Bottom of the 8th over - 0 runs, 0 hits, 0 errors, 1 left on base; Beaumont 1 - Wichita 6
TOP OF THE 9TH
Beaumont Roughnecks batting - Pitching for Wichita Wranglers : RHP Pedro Rivera
Now at SS: Julián Espinoza
Now in RF: Dan Dunn
Batting: RHB Cole Boehmer 0-0: Foul Ball, location: 2F
0-1: Ball
1-1: Called Strike
1-2: Foul Ball, location: 2F
1-2: Foul Ball, location: 2F
1-2: Strikes out swinging
Batting: LHB Corey MacGregor 0-0: Ball
1-0: Called Strike
1-1: Ball
2-1: Swinging Strike
2-2: Ball
3-2: Strikes out swinging
Batting: LHB John Fitzgerald 0-0: Foul Ball, location: 2F
0-1: Called Strike
0-2: Ball
1-2: Ball
2-2: Ball
3-2: Base on Balls
Batting: RHB Jim MacAchounich 0-0: Ball
1-0: Ball
2-0: Ball
3-0: Called Strike
3-1: Base on Balls
John Fitzgerald to second
Batting: SHB Richie Gallegos 0-0: Called Strike
0-1: Ball
1-1: SINGLE (Line Drive, 78M)
John Fitzgerald to third
Jim MacAchounich to second
Pitching: LHP Pedro Rodríguez
Batting: RHB António Rodríguez 0-0: Called Strike
0-1: Foul Ball, location: 2F
0-2: Foul Ball, location: 2F
0-2: Strikes out swinging
Top of the 9th over - 0 runs, 1 hit, 0 errors, 3 left on base; Beaumont 1 - Wichita 6
Saturday, April 7th, 2018 - OOTP Baseball 18.8 Build 76